← All builds
Front / Cortex / Economy first / OBSERVED BUILD

Standard front

Cortex Front build order · Supreme Isthmus

The role's default economy-first play: Bot Lab right away, Advanced Metal Extractor around 9:12, transitioning into the usual Thug/Grunt/Aggravator mix to hold the wider gap and feed the middle.

#eco #defence · 209 distinct matches · 68 players · 63% of Cortex Front games · team won 44% of 212 · Recently observed

HOW TO PLAY IT

Key timing: Bot Lab by 0:40

  1. Open 2 mex into early Bot Lab.
  2. Finish Bot Lab and start Thug, Grunt, Aggravator mix.
  3. Send first units to coast to stop leaks, not straight to mid.
  4. Transition into Advanced Metal Extractor as eco scales.
  5. Move units up as a line toward middle to hold the wider gap.

Phase by phase

TYPICAL OF ITS 209 GAMES
  1. 1
  2. 2
  3. 3
PLAY THE OPENING

Follow the example game's first 6:00 step by step: what to build now, what comes next, and where it goes. At 1× it keeps pace with your own game.

  1. 1

    Up to the Bot Lab

    Economy
    • Metal Extractor2Mex
    Order
    1. Bot LabBot Lab after 2 mex, 1 winddone ~0:40, middle half 0:34–0:46

    Some games also: wind (50%)

    By 0:24 in all: 2 mex

    The example game in this phase · 3 steps
    1. Mex ×2
    2. Wind
    3. Bot LabBot Labdone 0:40 · typical 0:40
  2. 2

    Bot Lab to 5:00

    Economy
    • Metal Extractor4Mex
    • Wind Turbine4Wind
    Builders
    • Construction Bot3 Con bot
    • Graverobber2 Graverobber
    Army
    • Guard2 Guard
    • Thug7 Thug
    • Aggravator5 Aggravator
    • Grunt4 Grunt

    Some games also: con turret (42%) · Radar Tower (35%)

    By 5:00 in all: 6 mex · 5 wind

    The example game in this phase · 17 steps
    1. GruntGrunt
    2. GraverobberGraverobber
    3. GruntGrunt ×9
    4. Construction BotCon bot ×2
    5. Mex
    6. Construction BotCon bot
    7. ThugThug ×2
    8. Mex
    9. ThugThug ×2
    10. Mex
    11. ThugThug ×3
    12. Mex
    13. ThugThug ×10
    14. Dragon's TeethDragon's Teeth ×2
    15. ThugThug
    16. Dragon's TeethDragon's Teeth ×4
    17. ThugThug ×4
  3. 3

    5:00 to 10:00

    Economy
    • Metal Extractor1Mex
    • Wind Turbine17Wind
    Builders
    • Construction Turret2 Con turret
    • Graverobber2 Graverobber
    • Construction Bot1 Con bot
    Army
    • Guard1 Guard
    • Grunt7 Grunt
    • Thug2 Thug

    Some games also: aggravator (47%) · energy storage (40%) · Radar Tower (39%) · converter (36%) · Twin Guard (36%) · eat Bot Lab (37%)

    By 10:00 in all: 7 mex · 24 wind · 3 con turret

    The example game in this phase · 157 steps
    1. ThugThug ×4
    2. Radar TowerRadar Tower
    3. AgitatorAgitatordone 7:43
    4. Con turret
    5. Advanced Metal ExtractorT2 mexdone 9:04 · typical 9:13
    6. GraverobberGraverobber
    7. Con turret
    8. CastroCastro
    9. Wind ×4
    10. Mex
    11. Wind ×2
    12. Advanced Metal ExtractorT2 mex
    13. GraverobberGraverobber
    14. Wind
    15. GuardGuardfor Tech
    16. Wind
    17. GuardGuardfor Tech
    18. Wind
    19. GuardGuardfor Tech
    20. Wind
    21. GuardGuard
    22. Advanced Metal ExtractorT2 mex
    23. Wind
    24. CastroCastro
    25. GraverobberGraverobber
    26. Mex
    27. Wind ×6
    28. Construction BotCon bot
    29. Wind ×2
    30. Construction BotCon bot
    31. Wind
    32. Advanced Metal ExtractorT2 mex
    33. Wind
    34. Construction BotCon bot
    35. Wind
    36. Construction BotCon bot
    37. Wind
    38. Mex
    39. Construction BotCon bot
    40. Wind
    41. Construction BotCon bot
    42. Advanced solar
    43. GuardGuard
    44. Wind
    45. Construction BotCon bot
    46. GuardGuard
    47. Advanced solar
    48. Wind
    49. Construction BotCon bot
    50. GuardGuard
    51. Con turret
    52. Construction BotCon bot
    53. GuardGuard
    54. Con turret
    55. Wind
    56. Construction BotCon bot
    57. Advanced Metal ExtractorT2 mex
    58. GuardGuard
    59. Construction BotCon bot
    60. Wind
    61. GuardGuard
    62. Construction BotCon bot
    63. Advanced solar
    64. Wind ×2
    65. Construction BotCon bot
    66. Wind ×2
    67. Construction BotCon bot
    68. GuardGuard
    69. Wind ×2
    70. Construction BotCon bot
    71. Wind
    72. Construction BotCon bot
    73. Wind ×3
    74. Construction BotCon bot ×2
    75. Wind ×2
    76. Construction BotCon bot
    77. Wind
    78. Construction BotCon bot
    79. Advanced solar
    80. Wind
    81. Construction BotCon bot
    82. Wind ×2
    83. Bot LabBot Labdone 13:55
    84. Construction BotCon bot
    85. Wind
    86. Con turret
    87. Converter
    88. Wind
    89. Con turret
    90. Construction BotCon bot
    91. Wind ×2
    92. Con turret
    93. Construction BotCon bot
    94. Converter
    95. Wind ×2
    96. Construction BotCon bot
    97. Bot LabBot Labdone 14:05
    98. Wind ×2
    99. Construction BotCon bot
    100. Wind
    101. Advanced solar
    102. Wind
    103. Bot LabEat Bot Labreclaimed for its metal
    104. Advanced Metal ExtractorT2 mex
    105. Wind ×2
    106. Converter
    107. Energy storage
    108. Con turret
    109. Wind ×2
    110. Con turret
    111. Wind
    112. GruntGrunt ×2
    113. Wind
    114. Converter
    115. Con turret
    116. Wind
    117. GruntGrunt
    118. Converter
    119. GruntGrunt
    120. Wind
    121. Advanced solar
    122. Bot LabBot Labdone 14:38
    123. GruntGrunt
    124. Converter ×2
    125. GruntGrunt ×2
    126. Wind
    127. GruntGrunt
    128. Wind
    129. GruntGrunt ×3
    130. Wind
    131. GruntGrunt
    132. Con turret
    133. Wind
    134. Converter
    135. Advanced solar
    136. GruntGrunt
    137. Converter
    138. Wind
    139. Con turret
    140. Wind
    141. GruntGrunt ×2
    142. Advanced Metal ExtractorT2 mex
    143. GruntGrunt
    144. Converter
    145. Wind
    146. Bot LabBot Labnot finished by 15:00
    147. Wind
    148. GruntGrunt
    149. Con turret
    150. GruntGrunt
    151. Converter
    152. Wind
    153. Con turret
    154. Converter
    155. Wind
    156. GruntGrunt ×3
    157. Wind

Counts are medians over the build's games: half of them build more, half fewer. The example game is El_Turco's (36 OS, 04/10/2026); pick another.

Team trades

IN AT LEAST 30% OF ITS GAMES

You hand over

Nothing regular.

You get

  • Tidal Generator4 Tidal from Pondfirst at 0:17 · in 66% of games
  • Advanced Construction Bot1 T2 con bot from Geo or Techfirst at 7:34 · in 66% of games

How it plays out

Typical game of this build, running totals by minute

Metal produced

010k20k30k
0:005:0010:0015:00

metal

Enemy metal destroyed

02.5k5k7.5k
0:005:0010:0015:00

metal

Own metal lost

05k10k
0:005:0010:0015:00

metal

212 games.

Show as table
ByMetal produced: This buildEnemy metal destroyed: This buildOwn metal lost: This build
1:0033100
2:0085800
3:0016238686
4:002685356326
5:003812920862
6:00505516461608
7:00632923862536
8:00769131743348
9:00914638224242
10:001088743925077
11:001282749235936
12:001501152976967
13:001732959477650
14:001970263318543
15:002237471809445
WHAT THE NUMBERS SAY

Standard front play wins less than half its games, with losses slightly outpacing kills through the first 15 minutes.

  • + Kills reach 7200 by 15:00 despite the safer starting position.
  • + T2 constructor reached in 85% of games, solid tech follow-through.
  • − Team wins under half of games (45%), the weakest shown here.
  • − Own metal lost (9484) exceeds enemy metal destroyed (7200) by 15:00.
THE EXAMPLE YOU ARE READING

El_Turco

35.5 OS · 04/10/2026

Open source match ↗

6 received units · includes a constructor
697 metal received · 47249 energy received

Allied construction assistance is unknown. Timings are observations, not a promise of solo reproducibility.

Typical milestones

Bot Lab0:40Middle 50%: 0:34–0:46 · n=196
Advanced Metal Extractor9:13Middle 50%: 8:15–10:29 · n=166

Played most by

Hummell23games of this buildwatermeloans19games of this buildiLike2Eco13games of this buildErilium11games of this buildGeeGee11games of this build